 Dungeon Crawl Stone Soup version 0.30-a0-339-g89bb51ec76 (webtiles) character file.

Game seed: 1119330390426834779

10735 Muataran the Cleaver (level 11, -3/104 HPs)
             Began as a Hill Orc Monk on Oct 31, 2022.
             Was a Priest of Beogh.
             Hit by a large rock thrown by a cyclops (21 damage)
             ... on level 9 of the Dungeon.
             The game lasted 00:27:58 (12363 turns).

Muataran the Cleaver (Hill Orc Monk)               Turns: 12363, Time: 00:28:02

Health: -3/104     AC: 13    Str: 19    XL:     11   Next: 66%
Magic:  19/19      EV: 11    Int: 10    God:    Beogh [***...]
Gold:   10         SH:  8    Dex: 13    Spells: 10/10 levels left

rFire   . . .      SeeInvis .    a - +3 broad axe (vamp)
rCold   . . .      Faith    .    k - +3 buckler
rNeg    . . .      Spirit   .    p - +0 chain mail
rPois   .          Reflect  .    q - +0 helmet
rElec   .          Harm     .    j - +0 cloak
rCorr   .          Rampage  .    z - +1 pair of gloves
Will    +....                    (no boots)
Stlth   ..........               (no amulet)
HPRegen 0.37/turn                w - ring of willpower
MPRegen 0.16/turn                B - +4 ring of evasion

@: about to teleport, spiked
A: no striking features
a: Renounce Religion, Smiting


You were on level 9 of the Dungeon.
You worshipped Beogh.
Beogh was most pleased with you.
You visited 1 branch of the dungeon, and saw 9 of its levels.
You also visited: Bailey.

You collected 664 gold pieces.
You spent 654 gold pieces at shops.

Inventory:

Hand Weapons
 a - a +3 vampiric broad axe (weapon)
Armour
 j - a +0 cloak (worn)
 k - a +3 buckler (worn)
 p - a +0 chain mail (worn)
 q - a +0 helmet (worn)
 z - a +1 pair of gloves (worn)
Jewellery
 s - a ring of ice
 w - a ring of willpower (left hand)
 B - a +4 ring of evasion (right hand)
Wands
 c - a wand of flame (27)
 d - a wand of polymorph (1)
 i - a wand of mindburst (9)
Scrolls
 b - 2 scrolls of blinking
 f - 3 scrolls of teleportation
 g - 2 scrolls of amnesia
 l - 2 scrolls of brand weapon
 o - 3 scrolls of enchant armour
 r - a scroll of fog
 t - a scroll of acquirement {unknown}
 u - a scroll of magic mapping
 x - 2 scrolls of fear
 y - 2 scrolls of immolation
 D - a scroll of poison {unknown}
Potions
 e - 4 potions of lignification
 h - 2 potions of curing
 m - a potion of heal wounds
 n - 3 potions of haste
 v - 2 potions of might
 A - 2 potions of flight
 C - 4 potions of degeneration


   Skills:
 + Level 12.1 Fighting
 * Level 14.1 Axes
 - Level 3.4 Armour
 - Level 2.4 Dodging
 - Level 1.5 Stealth
 - Level 6.0 Shields
 + Level 11.7 Invocations


You had 10 spell levels left.
You didn't know any spells.
Your spell library contained the following spells:

 Spells                   Type           Power      Damage    Failure   Level
 Magic Dart               Conj           0%         1d3       99%         1
 Call Imp                 Summ           0%         N/A       100%        2
 Inner Flame              Hex/Fire       0%         N/A       100%        3
 Mephitic Cloud           Conj/Pois/Air  0%         N/A       100%        3
 Flame Wave               Conj/Fire      0%         2d4       100%        4
 Sticky Flame             Conj/Fire      0%         2d3       100%        4


Dungeon Overview and Level Annotations

Branches:
Dungeon (9/15)             Temple (0/1) D:6            Lair (0/5) D:8
    Orc (0/2) D:9          Bailey (visited)

Altars:
Makhleb
Trog
Xom
The Shining One
Beogh

Shops:
D:1 =   D:6 *   D:9 (

Annotations:
D:2 1 runed translucent door, Crazy Yiuf


Message History

The manticore claws your orc warrior.
Your orc warrior dies!
A cyclops comes into view.
The cyclops shouts!
You hear an angry hiss.
You hear a shout!
The orc warrior misses you.
You closely miss the orc warrior.
The orc warrior hits you with a +0 battleaxe!
The manticore flicks its tail.
The volley of spikes hits you.
The barbed spikes become lodged in your body.
The cyclops throws a large rock.
The large rock barely misses you.
You completely miss the orc warrior.
The manticore flicks its tail.
The volley of spikes hits you.
The barbed spikes become lodged in your body.
* * * LOW HITPOINT WARNING * * *
The orc warrior hits you with a +0 battleaxe!
* * * LOW HITPOINT WARNING * * *
The barbs in your skin will harm you if you move.
Continue? [Y]es or [N]o only, please.
The barbs in your skin will harm you if you move.
Continue?
Okay, then.
As you read the scroll of teleportation, it crumbles to dust.
You feel strangely unstable. The orc warrior barely misses you.
You feel much better.
The orc warrior hits you with a +0 battleaxe!
* * * LOW HITPOINT WARNING * * *
The manticore flicks its tail.
The volley of spikes hits you.
The barbed spikes become lodged in your body.
* * * LOW HITPOINT WARNING * * *
A wyvern comes into view.
The orc warrior hits you with a +0 battleaxe.
* * * LOW HITPOINT WARNING * * *
The manticore flicks its tail.
The volley of spikes hits you!
The barbed spikes become lodged in your body.
* * * LOW HITPOINT WARNING * * *
The cyclops throws a large rock.
The large rock hits you!!
You die...

.. ....### .# .#.. #.##.....
...... ... #......## ..#...#
... #..<)## [#..C#.#..#
#...†.. #...#)..#.# #.....†
..).)...###########...##
..#...#H.o.....#...##...##
#...#)#.@...........?..##
...#.).#.................
......))..................
########).).$.............
####...).)...)......
##....†........... .
####..###<##..####.## #
#...............# #
...##8)8#####8'8####........


You could see a manticore, a cyclops and an orc warrior.

Vanquished Creatures
  2 vault guards (Bailey)
  A two-headed ogre (D:9)
  Pikel (D:7)
  Maurice (D:8)
  Joseph (D:8)
  Prince Ribbit (Bailey)
  Grinder (D:3)
  Sigmund (D:2)
  4 yaks
  2 wyverns
  A wraith (D:8)
  A vampire (D:9)
  5 humans (Bailey)
  Eustachio (D:6)
  A steam dragon (D:9)
  Grum (D:8)
  2 wargs (D:8)
  A water moccasin (D:5)
  3 black bears
  2 ogres (D:6)
  8 orc warriors
  2 wolves (D:8)
  2 centaurs
  3 lemures (D:7)
  3 kobold brigands
  12 bullfrogs
  3 scorpions
  4 wights (D:6)
  14 killer bees
  3 howler monkeys (D:9)
  5 hounds
  A gnoll bouda (D:4)
  6 orc priests
  3 iguanas
  Ijyb (D:5)
  Natasha (thrice) (D:2)
  5 orc wizards
  8 gnolls
  6 adders
  A white imp (D:6)
  A worm (D:2)
  3 dart slugs
  20 orcs
  7 ball pythons
  6 bats
  7 endoplasms
  A giant cockroach (D:1)
  9 goblins
  6 hobgoblins
  6 jackals (D:2)
  4 quokkas
  2 frilled lizards
  16 kobolds
  4 rats
  A spectral goblin (D:2)
219 creatures vanquished.

Vanquished Creatures (collateral kills)
  2 yaks (D:9)
  A centaur (D:9)
  A killer bee (D:9)
  An orc priest (D:9)
  An orc wizard (D:9)
  3 orcs (D:9)
9 creatures vanquished.

Vanquished Creatures (others)
  2 orc warriors (D:9)
  2 orc priests (D:9)
  8 orcs
  A goblin (D:3)
  A quokka (D:3)
  5 plants (D:4)
19 creatures vanquished.

Grand Total: 247 creatures vanquished

Notes
Turn   | Place    | Note
-------+----------+-------------------------------------------
     0 | D:1      | Muataran the Hill Orc Monk began the quest for the Orb.
     0 | D:1      | Reached XP level 1. HP: 19/19 MP: 1/1
   138 | D:1      | Reached XP level 2. HP: 14/27 MP: 2/2
   239 | D:2      | Found a runed translucent door.
   240 | D:2      | Noticed Crazy Yiuf
   268 | D:2      | Found a faded altar of an unknown god.
   287 | D:2      | Noticed Natasha
   382 | D:2      | Noticed a crimson imp
   397 | D:2      | Noticed a crimson imp
   401 | D:2      | Killed Natasha
   402 | D:2      | Reached skill level 1 in Armour
   402 | D:2      | Reached XP level 3. HP: 8/33 MP: 3/3
   520 | D:2      | Reached skill level 5 in Axes
   751 | D:2      | Noticed Sigmund
   804 | D:3      | Became a worshipper of Beogh the Brigand
   804 | D:3      | Reached * piety under Beogh
   804 | D:3      | Reached ** piety under Beogh
  1055 | D:1      | Reached skill level 1 in Shields
  1111 | D:1      | Reached XP level 4. HP: 40/40 MP: 4/4
  1166 | D:1      | Found Xoifoh's Jewellery Emporium.
  1710 | D:2      | Killed Sigmund
  1711 | D:2      | Reached skill level 6 in Axes
  1711 | D:2      | Reached XP level 5. HP: 10/47 MP: 1/5
  1711 | D:2      | Reached XP level 6. HP: 12/55 MP: 1/6
  1862 | D:2      | Noticed Natasha
  1870 | D:2      | Killed Natasha
  2297 | D:2      | Noticed Natasha
  2308 | D:2      | Killed Natasha
  2578 | D:2      | Found a faded altar of an unknown god.
  2639 | D:2      | Found a runed translucent door.
  2989 | D:3      | Noticed Grinder
  3008 | D:3      | Killed Grinder
  3009 | D:3      | Reached skill level 5 in Fighting
  3009 | D:3      | Reached skill level 7 in Axes
  3009 | D:3      | Reached XP level 7. HP: 31/61 MP: 0/7
  3515 | D:3      | Found a faded altar of an unknown god.
  3518 | D:3      | Found a shimmering altar of Xom.
  4218 | D:4      | Reached skill level 1 in Invocations
  4825 | D:5      | Entered Level 5 of the Dungeon
  5489 | D:5      | Noticed Ijyb
  5502 | D:5      | Killed Ijyb
  5862 | D:5      | Reached XP level 8. HP: 22/70 MP: 8/10
  6103 | D:4      | Reached skill level 8 in Axes
  6360 | D:5      | Reached skill level 5 in Shields
  6617 | D:5      | Found a glowing golden altar of the Shining One.
  7141 | D:6      | Reached skill level 9 in Axes
  7141 | D:6      | Reached XP level 9. HP: 79/79 MP: 12/12
  7145 | D:6      | Found Rejenesu's General Store.
  7153 | D:6      | Reached skill level 5 in Invocations
  7228 | D:6      | Noticed Eustachio
  7257 | D:6      | Killed Eustachio
  7761 | D:6      | Found a staircase to the Ecumenical Temple.
  8175 | D:6      | Bought a scroll of magic mapping for 90 gold pieces
  8175 | D:6      | Bought a potion of heal wounds for 60 gold pieces
  8378 | D:7      | Found a bloodstained altar of Trog.
  8382 | D:7      | Found a flagged portal.
  8404 | Bailey   | Entered a bailey
  8418 | Bailey   | Reached skill level 10 in Axes
  8476 | Bailey   | HP: 3/82 [human/+0 war axe (2)]
  8489 | Bailey   | HP: 3/82 [human/+0 war axe (15)]
  8759 | Bailey   | Reached XP level 10. HP: 74/91 MP: 15/15
  8818 | Bailey   | Noticed Prince Ribbit
  8838 | Bailey   | Killed Prince Ribbit
  8839 | Bailey   | Reached skill level 11 in Axes
  8930 | Bailey   | Noticed a vault guard
  8934 | Bailey   | Killed a vault guard
  9075 | Bailey   | Noticed a vault guard
  9089 | Bailey   | Killed a vault guard
  9090 | Bailey   | Reached skill level 10 in Fighting
  9285 | D:7      | Reached skill level 12 in Axes
  9805 | D:7      | Noticed Pikel
  9821 | D:7      | Killed Pikel
 10429 | D:8      | Found a staircase to the Lair.
 10448 | D:8      | Reached skill level 10 in Invocations
 10533 | D:8      | Noticed Grum
 10548 | D:8      | Killed Grum
 10557 | D:8      | Reached XP level 11. HP: 60/102 MP: 18/18
 10680 | D:8      | Found a burning altar of Makhleb.
 10847 | D:8      | Noticed Maurice
 10883 | D:8      | Killed Maurice
 10973 | D:8      | Noticed Joseph
 10988 | D:8      | Killed Joseph
 10989 | D:8      | Reached skill level 13 in Axes
 11362 | D:9      | Noticed a two-headed ogre
 11372 | D:9      | Killed a two-headed ogre
 11813 | D:9      | Identified the +5 long sword of Abuse {pain, *Corrode
                  | Int+5}
 11817 | D:9      | Found Daprasix's Weapon Shoppe.
 11941 | D:9      | Reached *** piety under Beogh
 12150 | D:1      | Bought a +4 ring of evasion for 504 gold pieces
 12305 | D:9      | Found a roughly hewn altar of Beogh.
 12305 | D:9      | Found a staircase to the Orcish Mines.
 12328 | D:9      | Reached skill level 14 in Axes
 12354 | D:9      | Noticed a manticore
 12357 | D:9      | Noticed a cyclops
 12363 | D:9      | Hit by a large rock thrown by a cyclops

Illustrated notes

Levels and vault maps discovered:
D:1:      sevenhm_arrival_forest_fort_large_4, layout_basic, serial_shops,
          nicolae_square_shop
D:2:      layout_basic, dreamdust_ecumenical_altar_drowned_temple,
          kennysheep_generic_room_9, uniq_natasha, uniq_crazy_yiuf_cottage,
          uniq_sigmund
D:3:      layout_rooms, nicolae_overflow_ecumenical_swirl, minmay_pentangle,
          uniq_grinder
D:4:      layout_basic, serial_bayou_lake_a
D:5:      layout_basic, lemuel_doored_altar, minmay_misc_feat_five, uniq_ijyb
D:6:      layout_loops_ring, temple_statues, serial_shops,
          nicolae_inconvenience_store, uniq_eustachio
D:7:      layout_basic, bloody_trog, enter_bailey_2, grunt_decor_one_mirror,
          dk_vineyard_1, minivault_10, uniq_pikel
D:8:      layout_basic, mainiacjoe_overflow_alcove_2, erik_lair_orcish_takeover,
          uniq_grum, uniq_maurice, uniq_joseph
D:9:      cheibrodos_fzero, layout_gridville, david_orc_5, serial_shops,
          nicolae_shop_bloodbath_and_beyond, onia_ninara_dug_in_and_dangerous,
          uniq_prince_ribbit1

Skill      XL: |  1  2  3  4  5  6  7  8  9 10 11 |
---------------+----------------------------------+-----
Fighting       | 4 5 6 7 9 11 12 | 12.1
Armour         | 1 2 3 |  3.4
Axes           | 5 6 7 9 10 12 14 | 14.1
Shields        | 1 2 3 4 6 |  6.0
Invocations    | 2 4 7 10 11 | 11.7
Dodging        | |  2.4
Stealth        | |  1.5

Action                   |  1- 3 |  4- 6 |  7- 9 | 10-12 || total
-------------------------+-------+-------+-------+-------++-------
Melee: Hand axe          |   118 |    93 |   169 |       ||   380
       War axe           |       |       |   207 |    24 ||   231
       Broad axe         |       |       |       |   302 ||   302
       Unarmed           |       |       |       |    22 ||    22
Invok: Convert to Beogh  |     1 |       |       |       ||     1
       Smiting           |       |     5 |    10 |     9 ||    24
  Use: Scroll            |       |       |    14 |    10 ||    24
       Potion            |       |       |     6 |     2 ||     8
 Stab: Sleeping          |     3 |     2 |     4 |       ||     9
       Distracted        |       |       |     1 |     1 ||     2
Armor: Robe              |    23 |    16 |     2 |       ||    41
       Ring mail         |       |       |    37 |       ||    37
       Chain mail        |       |       |    70 |   140 ||   210
       Skin              |       |       |       |     5 ||     5
Dodge: Dodged            |    90 |    49 |   168 |   108 ||   415
Block: Buckler           |    18 |    15 |   140 |   130 ||   303

Table legend: (Time is in decaauts)
 A = Elapsed time spent in this place.
 B = Non-inter-level travel time spent in this place.
 C = Inter-level travel time spent in this place.
 D = Time resting spent in this place.
 E = Time spent auto-exploring this place.
 F = Levels seen in this place.
 G = Mean time per level.
                   A        B        C        D        E       F      G
               +--------+--------+--------+--------+--------+-----+--------+
         Total |  12472 |  11524 |    948 |   2162 |   7141 |  10 | 1247.2 |
       Dungeon |  11594 |  10646 |    948 |   1650 |   6977 |   9 | 1288.2 |
        Bailey |    877 |    877 |      0 |    512 |    164 |   1 |  877.0 |
               +--------+--------+--------+--------+--------+-----+--------+

Top non-repeatable levels by time:
     D:2: 2273 daAuts
     D:5: 1906 daAuts
     D:6: 1518 daAuts
     D:4: 1397 daAuts
     D:7: 1184 daAuts
     D:8: 1156 daAuts
     D:3: 993 daAuts
  Bailey: 877 daAuts
     D:9: 600 daAuts
     D:1: 565 daAuts
